 Dungeon Crawl Stone Soup version 0.22.1-1-ga44c0e56f4 (webtiles) character file.

48 Ramireus the Charlatan (level 3, -6/27 HPs)
             Began as a Barachi Artificer on Sept 20, 2018.
             Killed by nerve-wracking pain
             ... invoked by Grinder
              (10 damage)
             ... on level 3 of the Dungeon.
             The game lasted 00:08:38 (1961 turns).

Ramireus the Charlatan (Barachi Artificer)          Turns: 1961, Time: 00:08:39

Health: -6/27      AC:  6    Str: 13    XL:     3   Next: 72%
Magic:  6/6        EV: 10    Int: 11    God:
Gold:   115        SH:  0    Dex: 13    Spells: 2/2 levels left

rFire    . . .     SeeInvis .   a - +0 short sword
rCold    . . .     Gourm    .   (no shield)
rNeg     . . .     Faith    .   l - +0 scale mail
rPois    .         Spirit   .   (no helmet)
rElec    .         Reflect  .   (no cloak)
rCorr    .         Harm     .   (no gloves)
MR       .....                  (no boots)
Stlth    ..........             (no amulet)
HPRegen  0.09/turn              (no ring)
MPRegen  0.10/turn              (no ring)

@: slow
A: +LOS, swims, slowness 1, strong legs 1
a: Hop


You were on level 3 of the Dungeon.
You were not hungry.

You visited 1 branch of the dungeon, and saw 3 of its levels.

You collected 115 gold pieces.

Inventory:

Hand Weapons
 a - a +0 short sword (weapon)
Missiles
 k - 7 javelins (quivered)
Armour
 l - a +0 scale mail (worn)
 v - a +0 chain mail
Jewellery
 u - an uncursed ring of protection from magic {unknown}
Wands
 c - a wand of flame (15)
 d - a wand of enslavement (15)
 e - a wand of random effects (15)
 n - a wand of clouds (7)
Scrolls
 g - 4 scrolls of identify {unknown}
 j - 3 scrolls of teleportation {unknown}
 o - a scroll of enchant weapon {unknown}
 p - a scroll of magic mapping {unknown}
 r - a scroll of fear {unknown}
 s - a scroll of remove curse {unknown}
 t - a scroll of immolation {unknown}
Potions
 b - a potion of curing {unknown}
 h - a potion of degeneration {unknown}
 i - a potion of magic {unknown}
 m - a potion of invisibility {unknown}
 q - a potion of flight {unknown}
Comestibles
 f - 2 rations


   Skills:
 + Level 2.0 Fighting
 - Level 1.1 Short Blades
 + Level 1.4 Armour
 + Level 2.7 Dodging
 - Level 0.8 Stealth
 + Level 4.1 Evocations


You had 2 spell levels left.
You didn't know any spells.
Your spell library was empty.

Dungeon Overview and Level Annotations

Branches:
Dungeon (3/15)

Altars:
Fedhas
Nemelex Xobeh

Annotations:
D:3 Grinder


Innate Abilities, Weirdness & Mutations

Shadows flee at your approach. (+LOS)
You can swim through water.
You cover ground slowly.
You can hop short distances.


Message History

Found a mace and a chain mail.
Grinder comes into view.
Grinder shouts!
Found a scroll labeled UMUETA MIDD.
You barely miss Grinder. Grinder hits you.
You barely miss Grinder. Grinder hits you.
You writhe in agony.
Grinder hits you. Grinder gestures at you. Pain shoots through your body!
* * * LOW HITPOINT WARNING * * *
You see here a scroll labeled UMUETA MIDD.
g - 4 scrolls labeled UMUETA MIDD (gained 1) Grinder gestures at you.
You barely resist.
You see here a chain mail.
v - a chain mail You see here a mace.
Grinder gestures at you. Pain shoots through your body!
You die...

#.......#...#...#.
###.............###. ##..
#..............
.....##......#......
##............<#.###. #
<.............#.###.
#.###.#######.##.#.....
..#......#.........#....#
........@...........(..[#
..#####.)#5#...#.#...#..#
#.%....#.#.######.#
#...#.#...#.# #.#
..............(# #.#
................# #.#
....?.....#.##.## #..
######...#.#.. ...
###...+... ...


You could see Grinder.

Vanquished Creatures
  An ooze (D:1)
  3 dart slugs
  A leopard gecko (D:3)
  6 giant cockroaches
  2 goblins (D:1)
  4 hobgoblins
  A quokka (D:2)
  A ball python (D:2)
  6 bats
  3 frilled lizards (D:3)
  3 kobolds
  5 rats
36 creatures vanquished.

Notes
Turn   | Place    | Note
-------+----------+-------------------------------------------
     0 | D:1      | Ramireus the Barachi Artificer began the quest for the Orb.
     0 | D:1      | Reached XP level 1. HP: 15/15 MP: 3/3
   237 | D:1      | Reached XP level 2. HP: 20/21 MP: 4/4
   770 | D:2      | Found a blossoming altar of Fedhas.
   829 | D:2      | Reached skill level 4 in Evocations
   837 | D:2      | Found a sparkling altar of Nemelex Xobeh.
   907 | D:2      | Reached XP level 3. HP: 10/27 MP: 6/6
  1289 | D:2      | Reached skill level 1 in Armour
  1950 | D:3      | Noticed Grinder
  1961 | D:3      | Killed from afar by Grinder

Skill      XL: |  1  2  3 |
---------------+----------+-----
Evocations     | 4 |  4.1
Fighting       | 2 |  2.0
Armour         | 1 |  1.4
Short Blades   | |  1.1
Dodging        | |  2.7
Stealth        | |  0.8

Action                   || total
-------------------------++-------
Melee: Short sword       ||   215
  Eat: Chunk             ||     4
Armor: Ring mail         ||    21
       Leather armour    ||     3
       Scale mail        ||    72
Dodge: Dodged            ||   126
